 Dungeon Crawl Stone Soup version 0.13.0-26-gf7ffa3a (webtiles) character file.

3901 MirrMurr the Thaumaturge (level 9, -20/34 HPs)
             Began as a Felid Conjurer on Oct 29, 2013.
             Was an Elder of Vehumet.
             Killed from afar by SublimeSnake's ghost (29 damage)
             ... with an orb of energy
             ... on Level 3 of the Lair of Beasts on Oct 30, 2013.
             The game lasted 01:37:17 (18210 turns).

MirrMurr the Thaumaturge (Felid Conjurer)          Turns: 18210, Time: 01:37:18

HP -20/34        AC  4     Str  6      XL: 9   Next: 74%
MP  28/30        EV 23     Int 19      God: Vehumet [****..]
Gold 512         SH  2     Dex 17      Spells: 13 memorised,  3 levels left
Lives: 0, deaths: 2

Res.Fire  : . . .   See Invis. : +   (weapon unavailable)
Res.Cold  : . . .   Warding    : .   (armour unavailable)
Life Prot.: . . .   Conserve   : .   (shield unavailable)
Res.Poison: .       Res.Corr.  : .   (helmet unavailable)
Res.Elec. : .       Clarity    : .   (cloak unavailable)
Sust.Abil.: . .     Spirit.Shd : .   (gloves unavailable)
Res.Mut.  : .       Stasis     : .   (boots unavailable)
Res.Rott. : .       Flight     : .   n - amulet of rage
Saprovore : . . .                    x - +1 ring of dexterity
                                     w - ring of protection from magic

@: quick, very resistant to hostile enchantments, quite stealthy
A: paw claws, no armour, no advanced items, fangs 3, see invisible, carnivore 3,
speed 1, slow metabolism 1, AC +4, SH +2
a: Renounce Religion, Evoke Berserk Rage


You were on level 3 of the Lair of Beasts.
You worshipped Vehumet.
Vehumet was greatly pleased with you.
You were not hungry.

You visited 3 branches of the dungeon, and saw 13 of its levels.
You also visited: Ossuary.

You collected 660 gold pieces.
You spent 168 gold pieces at shops.

Inventory:

Comestibles
 b - 3 meat rations
Scrolls
 a - 3 scrolls of fog
 e - 3 scrolls of remove curse {unknown}
 i - a scroll of enchant armour {unknown}
 l - 3 scrolls of identify
 m - 5 scrolls of curse weapon {unknown}
 o - a scroll of teleportation
 v - a scroll of recharging {unknown}
 z - a scroll of summoning {unknown}
 D - a scroll of curse jewellery {unknown}
Jewellery
 j - an uncursed amulet of resist mutation
 k - an uncursed ring of positive energy
 n - an amulet of rage (around neck)
 q - a cursed ring of protection from cold
 t - an uncursed amulet of conservation
 w - a ring of protection from magic (left paw)
 x - a +1 ring of dexterity (right paw)
Potions
 d - a potion of berserk rage
 h - 4 potions of curing
 p - a potion of restore abilities
 r - 2 potions of might {unknown}
 u - a potion of flight
 B - a potion of speed
 C - a potion of agility
 E - a potion of resistance {unknown}
Books
 c - a book of Conjurations

   Spells                             Type                      Level
   *Magic Dart                        Conjuration                  1
   *Searing Ray                       Conjuration                  2
   *Dazzling Spray                    Conjuration/Hexes            3
   *Iskenderun's Mystic Blast         Conjuration                  4
   *Iskenderun's Battlesphere         Conjuration/Charms           4
   Fulminant Prism                    Conjuration/Hexes            5
 f - a book of Wizardry

   Spells                             Type                      Level
   Summon Elemental                   Summoning                    4
   Agony                              Necromancy                   5
   Force Lance                        Conjuration                  5
   Fireball                           Conjuration/Fire             5
   Haste                              Charms                       6
   Invisibility                       Hexes                        6
 g - a book of Cantrips

   Spells                             Type                      Level
   *Confusing Touch                   Hexes                        1
   *Animate Skeleton                  Necromancy                   1
   Summon Small Mammal                Summoning                    1
   *Apportation                       Translocation                1
 y - a book of Flames

   Spells                             Type                      Level
   Flame Tongue                       Conjuration/Fire             1
   Throw Flame                        Conjuration/Fire             2
   *Conjure Flame                     Conjuration/Fire             3
   Inner Flame                        Hexes/Fire                   3
   *Sticky Flame                      Conjuration/Fire             4
   Fireball                           Conjuration/Fire             5


   Skills:
 - Level 7.2 Dodging
 - Level 2.6 Stealth
 * Level 13.0 Spellcasting
 - Level 5.1 Conjurations
 - Level 7.4 Hexes
 - Level 6.1 Charms
 + Level 3.6 Air Magic
 - Level 5.5 Evocations


You had 3 spell levels left.
You knew the following spells:

 Your Spells              Type           Power        Failure   Level  Hunger
a - Magic Dart            Conj           ####         1%          1    None
b - Searing Ray           Conj           ####..       1%          2    None
c - Confusing Touch       Hex            #####.....   1%          1    None
d - Dazzling Spray        Conj/Hex       #####...     1%          3    None
e - Iskenderun's Battles  Conj/Chrm      ####....     2%          4    #......
f - Shock                 Conj/Air       ####         1%          1    None
g - Sticky Flame          Conj/Fire      ###.....     6%          4    #......
h - Throw Frost           Conj/Ice       ###...       1%          2    None
i - Iskenderun's Mystic   Conj           ####....     2%          4    #......
j - Apportation           Tloc           ##........   8%          1    None
k - Conjure Flame         Conj/Fire      ###.....     2%          3    None
l - Airstrike             Air            ####......   4%          4    #......
s - Animate Skeleton      Necr           N/A          8%          1    None


Dungeon Overview and Level Annotations

Branches:
Dungeon (9/27)             Temple (1/1) D:4            Lair (3/8) D:9
    Orc: D:6-11       Swamp: Lair:3-6    Shoals: Lair:3-6     Snake: Lair:3-6
 Spider: Lair:3-6

Altars:
Cheibriados
Elyvilon
Fedhas
Kikubaaqudgha
Makhleb
Nemelex Xobeh
Okawaru
Sif Muna
Trog
Vehumet
Xom
Yredelemnul
Zin
the Shining One
Beogh

Shops:
D:4 (   D:5 *

Annotations:
D:2 Terence
D:5 1 exclusion, Menkaure
Lair:3 SublimeSnake's ghost, powerful MfIE


Innate Abilities, Weirdness & Mutations

You cannot wear armour.
You are incapable of any advanced item manipulation.
Your paws have sharp claws.
You have razor-sharp teeth.
You have supernaturally acute eyesight.
You are carnivorous and can eat meat at any time.
You cover ground quickly.
You are covered in thick fur (AC +2).
You have a slow metabolism.
You are partially covered in large bone plates (AC +2, SH +2).


Message History

Your six-headed hydra skeleton completely misses SublimeSnake's ghost.
Your six-headed hydra skeleton bites SublimeSnake's ghost but does no damage.
Your six-headed hydra skeleton barely misses SublimeSnake's ghost.
Your six-headed hydra skeleton bites SublimeSnake's ghost but does no damage.
Unknown command.
Unknown command.
Casting: Magic Dart
Confirm with . or Enter, or press ? or * to list all spells.
Aiming: Magic Dart
Press: ? - help, Shift-Dir - straight line, f/p - SublimeSnake's ghost
Aim: SublimeSnake's ghost (moderately damaged)
The magic dart hits SublimeSnake's ghost.
SublimeSnake's ghost is moderately damaged.
Your battlesphere fires!
The barrage of energy hits SublimeSnake's ghost.
SublimeSnake's ghost is moderately damaged.
SublimeSnake's ghost points at you and mumbles some strange words.
The orb of energy hits you!
Ouch! That really hurt!
You die...

...###.#####...#####...........f.
..#.#.######..######.............
..#%.#.##........................
.....#..#............##..#...f...
.....#.###.............#.#..P##.#
........###..................P#.#
..........#..........#.###.#.P...
..........#......*...### #.......
................@..#.### #.......
.....................#.###.......
.................................
............#..P..p.%..#P##......
.............#.#f##.##.####......
..#..........######Z#### #.......
#....#.......## ##.# #.......
####..#..#....# #..######.......
#.########.#####Z..#.####.....


You could see SublimeSnake's ghost and a friendly six-headed hydra skeleton.

Vanquished Creatures
  3 hydras
  A death yak (D:9)
  The ghost of Zapata the Slicer, an experienced KoBe of Trog (D:6)
  Pikel (D:7)
  Maurice (D:8)
  2 spiny frogs
  An item mimic (Lair:1)
  A black mamba (Lair:2)
  A komodo dragon (Lair:1)
  Prince Ribbit (D:7)
  3 blink frogs (Lair:3)
  A grizzly bear (Lair:3)
  6 yaks (Lair:3)
  A hippogriff (D:6)
  4 wolves (Lair:3)
  Edmund (D:7)
  A necrophage (D:7)
  2 orc warriors
  2 phantoms
  3 porcupines
  3 ice beasts
  A sky beast (D:6)
  2 crocodiles
  7 giant frogs
  2 centaurs
  2 ogres
  5 giant slugs
  Blork the orc (D:4)
  3 agate snails
  3 water moccasins
  A hippogriff skeleton (D:6)
  4 crimson imps
  A water moccasin zombie (D:5)
  3 orc priests
  3 iguanas
  A giant frog skeleton (D:5)
  A jelly (D:8)
  A worker ant (D:4)
  9 orc wizards
  3 scorpions
  7 hounds
  An ogre skeleton (D:5)
  A sheep (D:9)
  2 hound skeletons
  3 gnolls (D:5)
  A worker ant zombie (D:5)
  12 adders
  4 giant centipedes
  7 green rats (Lair:2)
  A goliath beetle zombie (D:6)
  3 giant mites
  2 worms
  A sheep skeleton (D:9)
  A giant eyeball (D:5)
  7 giant geckos
  51 orcs
  4 giant cockroaches
  17 goblins
  16 hobgoblins
  20 jackals
  8 kobolds
  3 ball pythons
  13 bats
  A giant gecko skeleton (Lair:1)
  5 giant newts
  2 goblin zombies (D:8)
  A hobgoblin skeleton (D:6)
  A jackal skeleton (D:4)
  An orc skeleton (D:7)
  11 quokkas
  2 quokka skeletons
  18 rats
320 creatures vanquished.

Vanquished Creatures (collateral kills)
  A hill giant (D:9)
  A komodo dragon (D:9)
  A centaur (D:9)
  A sheep (D:9)
  A green rat (Lair:2)
  An orc (D:8)
  A hobgoblin (D:8)
  2 jackals
  A fungus (Lair:2)
10 creatures vanquished.

Vanquished Creatures (others)
  A death yak skeleton (D:9)
  Eustachio (D:7)
  2 blink frog skeletons (Lair:3)
  2 komodo dragon skeletons
  3 yak skeletons (Lair:3)
  2 wolf skeletons (Lair:3)
  A centaur skeleton (D:8)
  A giant frog skeleton (D:8)
  2 porcupine skeletons
  An ogre skeleton (D:8)
  A crocodile skeleton (Lair:3)
  A hound skeleton (D:8)
  5 orc skeletons (D:8)
  An iguana skeleton (D:7)
  5 jackal skeletons
  A kobold skeleton (D:8)
  2 quokka skeletons (Lair:1)
  2 rat skeletons
  A fungus (Lair:3)
35 creatures vanquished.

Grand Total: 365 creatures vanquished

Notes
Turn   | Place    | Note
--------------------------------------------------------------
     0 | D:1      | MirrMurr, the Felid Conjurer, began the quest for the Orb.
     0 | D:1      | Reached XP level 1. HP: 7/7 MP: 4/4
   412 | D:1      | Reached skill level 4 in Conjurations
   414 | D:1      | Reached XP level 2. HP: 11/11 MP: 0/5
   418 | D:1      | Learned a level 2 spell: Searing Ray
  1120 | D:2      | Noticed Terence
  1131 | D:2      | Reached XP level 3. HP: 14/14 MP: 4/7
  2159 | D:2      | Reached skill level 5 in Conjurations
  2314 | D:3      | Reached XP level 4. HP: 12/18 MP: 4/10
  2944 | D:3      | Learned a level 3 spell: Dazzling Spray
  3038 | D:3      | Reached XP level 5. HP: 21/21 MP: 5/13
  3485 | D:4      | Learned a level 4 spell: Iskenderun's Mystic Blast
  3828 | D:4      | Noticed Blork the orc
  3839 | D:4      | Killed Blork the orc
  3942 | D:4      | Gained mutation: You are covered in thick fur (AC +2). [growing up]
  3942 | D:4      | Reached XP level 6. HP: 16/24 MP: 9/18
  4028 | D:4      | Found a staircase to the Ecumenical Temple.
  4033 | Temple   | Entered the Ecumenical Temple
  4229 | Temple   | Became a worshipper of Vehumet
  4594 | D:4      | Found Griuqir's Weapon Shop.
  5157 | D:5      | Entered Level 5 of the Dungeon
  5182 | D:5      | Reached skill level 5 in Spellcasting
  5457 | D:5      | Reached XP level 7. HP: 27/27 MP: 16/21
  5463 | D:5      | Learned a level 4 spell: Iskenderun's Battlesphere
  5516 | D:5      | Reached skill level 1 in Hexes
  5591 | D:5      | Found Cruamosm's Assorted Antiques.
  5602 | D:5      | Bought a potion of heal wounds for 84 gold pieces
  5602 | D:5      | Bought a potion of heal wounds for 84 gold pieces
  5691 | D:5      | Acquired Vehumet's first power
  5691 | D:5      | Offered knowledge of Shock by Vehumet.
  5694 | D:5      | Learned a level 1 spell: Shock
  5838 | D:5      | Reached skill level 1 in Charms
  5926 | D:5      | Noticed Menkaure
  6355 | D:6      | Found an iron altar of Okawaru.
  6358 | D:6      | Found a bloodstained altar of Trog.
  7178 | D:6      | Noticed Zapata's ghost (experienced KoBe)
  7266 | D:6      | Killed Zapata's ghost
  7266 | D:6      | Reached skill level 5 in Dodging
  7266 | D:6      | Reached skill level 5 in Hexes
  7266 | D:6      | Reached XP level 8. HP: 20/31 MP: 2/22
  7423 | D:6      | Reached skill level 6 in Dodging
  7423 | D:6      | Reached skill level 5 in Charms
  7985 | D:6      | Reached skill level 7 in Dodging
  8517 | D:6      | Reached XP level 9. HP: 34/34 MP: 10/24
  8652 | D:6      | Learned a level 4 spell: Sticky Flame
  8741 | D:7      | Noticed Edmund
  8765 | D:7      | Killed Edmund
  8765 | D:7      | Reached skill level 1 in Evocations
  9089 | D:7      | Noticed Prince Ribbit
  9096 | D:7      | Killed Prince Ribbit
  9132 | D:7      | Noticed Pikel
  9136 | D:7      | Noticed Eustachio
  9171 | D:7      | Killed Pikel
  9177 | D:7      | Killed Eustachio
  9418 | D:7      | Found a burning altar of Makhleb.
  9435 | D:7      | Offered knowledge of Throw Frost by Vehumet.
  9448 | D:7      | Learned a level 2 spell: Throw Frost
  9535 | D:7      | Found a shimmering altar of Xom.
  9536 | D:7      | Found a snail-covered altar of Cheibriados.
  9537 | D:7      | Found a sparkling altar of Nemelex Xobeh.
 10056 | D:7      | Offered knowledge of Static Discharge by Vehumet.
 10241 | D:7      | Found a roughly hewn altar of Beogh.
 10249 | D:7      | Learned a level 1 spell: Confusing Touch
 10251 | D:7      | Learned a level 1 spell: Animate Skeleton
 10448 | D:8      | Found a glowing golden altar of the Shining One.
 10578 | D:8      | Acquired Vehumet's second power
 10698 | D:8      | Reached skill level 8 in Spellcasting
 11174 | D:8      | Reached skill level 5 in Evocations
 11196 | D:8      | Noticed Maurice
 11239 | D:8      | Offered knowledge of Olgreb's Toxic Radiance by Vehumet.
 11387 | D:8      | Killed Maurice
 11387 | D:8      | Reached XP level 10. HP: 26/37 MP: 13/28
 11778 | D:8      | Reached skill level 9 in Spellcasting
 11908 | D:8      | Found a sand-covered staircase.
 11920 | Ossuary  | Entered an ossuary
 12354 | D:9      | Noticed a death yak
 12355 | D:9      | wtf death yak?
 12377 | D:9      | Killed a death yak
 12615 | D:9      | Found a staircase to the Lair.
 12780 | D:9      | Learned a level 1 spell: Apportation
 12784 | D:9      | Learned a level 3 spell: Conjure Flame
 12805 | D:9      | Noticed a hill giant
 12823 | D:9      | Killed a hill giant
 12823 | D:9      | Reached skill level 10 in Spellcasting
 12999 | D:9      | Upgraded the game from 0.13.0-25-g43d4df3 to 0.13.0-26-gf7ffa3a
 13229 | Lair:1   | Entered Level 1 of the Lair of Beasts
 13474 | Lair:1   | Noticed a five-headed hydra
 13504 | Lair:1   | Killed a five-headed hydra
 13504 | Lair:1   | Reached skill level 11 in Spellcasting
 13711 | Lair:1   | Acquired Vehumet's third power
 14098 | Lair:1   | Offered knowledge of Airstrike by Vehumet.
 14104 | Lair:1   | Learned a level 4 spell: Airstrike
 14555 | Lair:1   | Noticed a five-headed hydra
 14575 | Lair:1   | Killed a five-headed hydra
 14575 | Lair:1   | Reached XP level 11. HP: 40/40 MP: 20/31
 15088 | Lair:2   | Gained mutation: You are partially covered in large bone plates (AC +2, SH +2). [potion of beneficial mutation]
 15173 | Lair:2   | Reached skill level 12 in Spellcasting
 15327 | Lair:2   | Reached skill level 1 in Air Magic
 16739 | Lair:3   | Noticed SublimeSnake's ghost (powerful MfIE)
 17426 | Lair:3   | Mangled by SublimeSnake's ghost
 17427 | Lair:3   | Reached XP level 10. HP: -13/37 MP: 23/31
 17569 | Lair:3   | Noticed a six-headed hydra
 17576 | Lair:3   | Killed a six-headed hydra
 17733 | Lair:3   | Reached skill level 13 in Spellcasting
 18205 | Lair:3   | Killed from afar by SublimeSnake's ghost
 18206 | Lair:3   | Reached XP level 9. HP: -2/34 MP: 14/30
 18210 | Lair:3   | Killed from afar by SublimeSnake's ghost

Action                   |  1- 3 |  4- 6 |  7- 9 | 10-12 || total
-------------------------+-------+-------+-------+-------++-------
Melee: Unarmed           |       |       |    60 |    97 ||   157
 Cast: Magic Dart        |    70 |    87 |   176 |   313 ||   646
       Searing Ray       |     4 |    26 |    64 |    26 ||   120
       Dazzling Spray    |       |     2 |    32 |       ||    34
       Iskenderun's Batt |       |       |     6 |    47 ||    53
       Iskenderun's Myst |       |       |     4 |     6 ||    10
       Animate Skeleton  |       |       |    26 |    42 ||    68
       Confusing Touch   |       |       |    12 |    11 ||    23
       Throw Frost       |       |       |     4 |       ||     4
       Conjure Flame     |       |       |       |     3 ||     3
       Sticky Flame      |       |       |       |     1 ||     1
 Abil: Evoke Berserk Rag |       |       |     2 |     2 ||     4
  Use: Scroll            |       |     6 |    12 |     3 ||    21
       Potion            |       |     2 |    10 |     2 ||    14
 Stab: Confused          |       |       |     5 |     1 ||     6
       Distracted        |       |       |       |     1 ||     1
